 Dungeon Crawl Stone Soup version 0.21.1-1-g345015fe64 (webtiles) character file.

63 Dox the Magician (level 4, -9/30 HPs)
             Began as a Human Wizard on Apr 12, 2018.
             Mangled by Natasha (10 damage)
             ... on level 2 of the Dungeon.
             The game lasted 00:07:07 (1448 turns).

Dox the Magician (Human Wizard)                     Turns: 1448, Time: 00:07:07

Health: -9/30      AC:  2    Str:  9    XL:     4   Next: 30%
Magic:  1/10       EV: 13    Int: 18    God:
Gold:   94         SH:  0    Dex: 15    Spells: 10/11 levels left

rFire    . . .     SeeInvis .   m - +0 mace
rCold    . . .     Gourm    .   (no shield)
rNeg     . . .     Faith    .   a - +0 robe
rPois    .         Spirit   .   b - +0 hat
rElec    .         Reflect  .   (no cloak)
rCorr    .         Harm     .   (no gloves)
MR       .....                  (no boots)
Stlth    ++........             (no amulet)
HPRegen  0.10/turn              i - +4 ring of dexterity
MPRegen  0.12/turn              (no ring)

@: very slightly contaminated
A: no striking features
a: no special abilities


You were on level 2 of the Dungeon.
You were hungry.

You visited 1 branch of the dungeon, and saw 2 of its levels.

You collected 94 gold pieces.

Inventory:

Hand Weapons
 m - a +0 mace (weapon)
Missiles
 j - 73 stones (quivered)
Armour
 a - a +0 robe (worn)
 b - a +0 hat (worn)
Jewellery
 i - a +4 ring of dexterity (left hand)
 l - an uncursed amulet of magic regeneration {unknown}
Scrolls
 f - 2 scrolls of identify {unknown}
 g - a scroll of fear {unknown}
Potions
 h - a potion of mutation {unknown}
Books
 c - a book of Minor Magic

   Spells                             Type                      Level
   a - Magic Dart                     Conjuration                  1
   b - Blink                          Translocation                2
   c - Call Imp                       Summoning                    2
   d - Slow                           Hexes                        2
   e - Conjure Flame                  Conjuration/Fire             3
   f - Mephitic Cloud                 Conjuration/Poison/Air       3
Comestibles
 d - 3 rations
 k - 3 chunks of flesh


   Skills:
 + Level 2.2 Dodging
 - Level 2.0 Stealth
 + Level 4.0 Spellcasting
 * Level 2.1 Conjurations
   Level 1.0 Summonings
   Level 1.0 Translocations


You had 10 spell levels left.
You knew the following spells:

 Your Spells              Type           Power        Failure   Level  Hunger
a - Magic Dart            Conj           ##..         6%          1    None


Dungeon Overview and Level Annotations

Branches:
Dungeon (2/15)

Altars:
Cheibriados

Annotations:
D:2 Natasha, Sigmund


Message History

Natasha is severely wounded.
Natasha claws you.
* * * LOW HITPOINT WARNING * * *
Natasha claws you.
* * * LOW HITPOINT WARNING * * *
You are feeling hungry.
You barely miss Natasha.
Natasha is severely wounded.
Natasha barely misses you.
You barely miss Natasha.
Natasha is severely wounded.
Natasha claws you.
* * * LOW HITPOINT WARNING * * *
Natasha stares at you and mumbles some strange words.
The magic dart hits you!
* * * LOW HITPOINT WARNING * * *
You closely miss Natasha.
Natasha is severely wounded.
Natasha claws you!
You die...

.......^...............#
.......รท......)........#
............#..........#
.......#....##.....######.
.....h....................
....(............#..#####.
...)..#.......#..#...#
......(.##)........#.###
.#..###)h@.#.#..#..#...#.#
###......#_#.......#
###.....#.......##
#.(......#....#
#.##.....####...
#.##.......## ..
#.##..##...... .
..###........# .##
#######....


You could see Natasha.

Vanquished Creatures
  Natasha (D:2)
  A dart slug (D:1)
  A leopard gecko (D:1)
  4 goblins
  6 hobgoblins
  4 kobolds
  2 ball pythons (D:1)
  7 bats (D:1)
  8 rats
34 creatures vanquished.

Notes
Turn   | Place    | Note
-------+----------+-------------------------------------------
     0 | D:1      | Dox the Human Wizard began the quest for the Orb.
     0 | D:1      | Reached XP level 1. HP: 13/13 MP: 4/4
   161 | D:1      | Reached XP level 2. HP: 19/19 MP: 3/6
   481 | D:1      | Found a snail-covered altar of Cheibriados.
   774 | D:1      | Reached XP level 3. HP: 24/24 MP: 0/8
   976 | D:2      | Noticed Sigmund
  1277 | D:2      | Noticed Natasha
  1279 | D:2      | Found a faded altar of an unknown god.
  1288 | D:2      | Killed Natasha
  1288 | D:2      | Reached skill level 4 in Spellcasting
  1288 | D:2      | Reached XP level 4. HP: 22/30 MP: 1/10
  1435 | D:2      | Noticed Natasha
  1447 | D:2      | HP: 1/30 [Natasha/magic dart (4)]
  1448 | D:2      | Mangled by Natasha

Skill      XL: |  1  2  3 |
---------------+----------+-----
Spellcasting   | 4 |  4.0
Conjurations   | 2 |  2.1
Dodging        | |  2.2
Stealth        | |  2.0
Summonings     | |  1.0
Translocations | |  1.0

Action                   |  1- 3 |  4- 6 || total
-------------------------+-------+-------++-------
Melee: Unarmed           |     5 |       ||     5
       Mace              |     5 |     9 ||    14
Throw: Stone             |       |     4 ||     4
 Cast: Magic Dart        |    59 |    17 ||    76
  Eat: Chunk             |     1 |       ||     1
Armor: Robe              |     4 |       ||     4
Dodge: Dodged            |    20 |     6 ||    26
